 Dungeon Crawl Stone Soup version 0.30-a0-1160-g6e42c06551 (webtiles) character file.

Game seed: 697228104431994565

176 BlueFish the Sneak (level 5, 0/36 HPs)
             Began as an Octopode Fighter on Apr 26, 2023.
             Slain by an orc wizard
             ... wielding a +0 dagger
              (3 damage)
             ... on level 3 of the Dungeon.
             The game lasted 00:04:47 (1992 turns).

BlueFish the Sneak (Octopode Fighter)               Turns: 1992, Time: 00:04:48

Health: 0/36       AC:  1    Str: 17    XL:     5   Next: 56%
Magic:  5/5        EV: 13    Int: 11    God:
Gold:   96         SH:  4    Dex: 11    Spells: 4/4 levels left

rFire   . . .        a - +0 whip
rCold   . . .        g - +0 buckler
rNeg    . . .        (helmet restricted)
rPois   .            (no amulet)
rElec   .            (no ring)
rCorr   .            (no ring)
SInv    .            (no ring)
Will    .....        (no ring)
Stlth   +++          (no ring)
HPRegen 0.26/turn    (no ring)
MPRegen 0.09/turn    (no ring)
                     (no ring)

%: no passive effects
@: brilliant
A: almost no armour, amphibious, 8 rings, camouflage 1, gelatinous body 1,
(nimble swimmer 1), tentacles
a: no special abilities


You were on level 3 of the Dungeon.
You visited 1 branch of the dungeon, and saw 3 of its levels.

You collected 96 gold pieces.

Inventory:

Hand Weapons
 a - a +0 whip (weapon)
 b - a +0 sling
 e - a +0 flail
Missiles
 j - 4 stones
Armour
 g - a +0 buckler (worn)
Scrolls
 c - a scroll of vulnerability {unknown}
 d - a scroll of blinking
 f - a scroll of immolation
 h - a scroll of poison {unknown}
 i - a scroll of teleportation
 k - a scroll of fog


   Skills:
 + Level 3.6 Fighting
 + Level 2.7 Maces & Flails
 + Level 3.6 Dodging
 * Level 4.2 Stealth
 + Level 3.6 Shields


You had 4 spell levels left.
You didn't know any spells.
Your spell library contained the following spells:

 Spells                   Type           Power      Damage    Failure   Level
 Vhi's Electric Charge    Tloc/Air       0%         N/A       80%         3
 Arcjolt                  Conj/Air       0%         1d10      100%        5
 Maxwell's Capacitive Co  Air            0%         ∞         100%        8


Dungeon Overview and Level Annotations

Branches:
Dungeon (3/15)

Altars:


Innate Abilities, Weirdness & Mutations

You cannot wear most types of armour.
You are amphibious.
You can wear up to eight rings at the same time.
Your skin changes colour to match your surroundings (Stealth+).
Your rubbery body absorbs attacks. (AC +1, EV +1)
((You are camouflaged when in or above water. (Stealth+)))
You have tentacles for arms and can constrict up to eight enemies at once.


Message History

You closely miss the rat. You grab the rat. You squeeze the rat.
You kill the rat!
You closely miss the orc. Your grab misses the orc. You squeeze the orc.
The orc is almost dead.
The orc hits you but does no damage.
You hit the orc.
You kill the orc!
You miss something. Something hits you.
You closely miss something. Something hits you.
You barely miss something. Your squeeze misses something. Something hits you.
You miss something.
You hear some strange, mumbled words.
A puff of flame appears from out of thin air!
The puff of flame hits you.
You barely miss something. Something hits you.
You barely miss something. Something hits you but does no damage.
You barely miss something. You squeeze something.
Something completely misses you.
You hit something. Something hits you.
You closely miss something. Your squeeze misses something.
You hear some strange, mumbled words.
Something tries to affect you, but you resist.
You barely miss something. Something hits you.
You barely miss something. Your squeeze misses something.
You block something's attack.
You closely miss something. Something hits you.
You miss something.
You hear some strange, mumbled words.
A magic dart appears from out of thin air!
The magic dart hits you!
* * * LOW HITPOINT WARNING * * *
Okay, then.
You aren't carrying any items that you can evoke.
It was a potion of brilliance.
You feel clever all of a sudden. Something completely misses you.
You barely miss something. Something hits you.
* * * LOW HITPOINT WARNING * * *
You barely miss something. Something hits you.
You die...

########
.......##############..#
######..........@{o.....
##############..... ...
#


You could see an orc.

Vanquished Creatures
  An orc wizard (D:3)
  Robin (D:2)
  3 adders
  5 gnolls
  An ufetubus (D:1)
  A dart slug (D:1)
  An orc (D:3)
  3 ball pythons (D:1)
  4 endoplasms
  2 giant cockroaches (D:2)
  7 goblins
  10 hobgoblins
  A quokka (D:1)
  3 bats
  2 frilled lizards (D:1)
  5 kobolds
  8 rats
58 creatures vanquished.

Notes
Turn   | Place    | Note
-------+----------+-------------------------------------------
     0 | D:1      | BlueFish the Octopode Fighter began the quest for the Orb.
     0 | D:1      | Reached XP level 1. HP: 16/16 MP: 1/1
    94 | D:1      | Reached skill level 1 in Stealth
    94 | D:1      | Reached XP level 2. HP: 11/21 MP: 2/2
   419 | D:1      | Reached skill level 2 in Stealth
   423 | D:1      | Reached XP level 3. HP: 19/26 MP: 3/3
   936 | D:2      | Noticed Robin
  1005 | D:1      | Reached skill level 3 in Stealth
  1005 | D:1      | Reached XP level 4. HP: 5/31 MP: 4/4
  1136 | D:2      | Killed Robin
  1309 | D:1      | Reached XP level 5. HP: 30/36 MP: 5/5
  1536 | D:2      | Reached skill level 4 in Stealth
  1992 | D:3      | Slain by an orc wizard

Illustrated notes

Levels and vault maps discovered:
D:1:      psy_arrival_radial02, layout_loops_cross
D:2:      layout_loops_ring, uniq_robin
D:3:      layout_rooms, amcnicky_altar_gilded, uniq_terence

Skill      XL: |  1  2  3  4  5 |
---------------+----------------+-----
Stealth        | 1 2 3 4 |  4.2
Fighting       | |  3.6
Maces & Flails | |  2.7
Dodging        | |  3.6
Shields        | |  3.6

Action                     |  1- 3 |  4- 6 || total
---------------------------+-------+-------++-------
  Melee: Flail             |    10 |       ||    10
         Constrict         |    16 |    14 ||    30
         Whip              |    45 |    63 ||   108
         Tentacles         |    14 |    11 ||    25
         Punch             |       |     1 ||     1
   Fire: Sling             |    12 |    39 ||    51
    Use: Scroll            |     4 |       ||     4
         Potion            |     1 |     1 ||     2
 Armour: Skin              |     6 |     3 ||     9
  Dodge: Dodged            |    45 |    24 ||    69
  Block: Buckler           |    18 |    10 ||    28

Table legend: (Time is in decaauts)
 A = Elapsed time spent in this place.
 B = Non-inter-level travel time spent in this place.
 C = Inter-level travel time spent in this place.
 D = Time resting spent in this place.
 E = Time spent auto-exploring this place.
 F = Levels seen in this place.
 G = Mean time per level.
                   A        B        C        D        E       F      G
               +--------+--------+--------+--------+--------+-----+--------+
         Total |   2016 |   1886 |    130 |    246 |   1226 |   3 |  672.0 |
       Dungeon |   2016 |   1886 |    130 |    246 |   1226 |   3 |  672.0 |
               +--------+--------+--------+--------+--------+-----+--------+

Top non-repeatable levels by time:
     D:1: 1265 daAuts
     D:2: 655 daAuts
     D:3: 95 daAuts
